 Dungeon Crawl Stone Soup version 0.29-a0-643-ga013cefcf8 (webtiles) character file.

Game seed: 3652845110029721789

168 HoaS the Shooter (level 5, -6/30 HPs)
             Began as a Gargoyle Hunter on June 19, 2022.
             Mangled by an iguana (9 damage)
             ... on level 4 of the Dungeon.
             The game lasted 00:04:36 (2491 turns).

HoaS the Shooter (Gargoyle Hunter)                  Turns: 2491, Time: 00:04:37

Health: -6/30      AC: 12    Str: 14    XL:     5   Next: 49%
Magic:  5/5        EV: 11    Int: 10    God:
Gold:   144        SH:  0    Dex: 15    Spells: 4/4 levels left

rFire   . . .      SeeInvis .   a - +2 shortbow
rCold   . . .      Faith    .   (shield currently unavailable)
rNeg    + . .      Spirit   .   b - +1 leather armour
rPois   ∞          Reflect  .   (no helmet)
rElec   +          Harm     .   h - scarf {shadows}
rCorr   .          Rampage  .   (no gloves)
Will    .....                   (no boots)
Stlth   ++........              (no amulet)
HPRegen 0.10/turn               n - +4 ring of protection
MPRegen 0.09/turn               (no ring)

@: no status effects
A: sickness immunity, AC +4, negative energy resistance 1, electricity
resistance, torment resistance 1, petrification resistance
a: no special abilities


You were on level 4 of the Dungeon.
You visited 1 branch of the dungeon, and saw 4 of its levels.

You collected 144 gold pieces.

Inventory:

Hand Weapons
 a - a +2 shortbow (weapon)
Armour
 b - a +1 leather armour (worn)
 h - a scarf of shadows (worn)
Jewellery
 n - a +4 ring of protection (left hand)
Scrolls
 c - a scroll of immolation
 d - a scroll of enchant armour
 l - a scroll of teleportation
Potions
 e - 3 potions of curing
 f - a potion of haste {unknown}
 g - a potion of heal wounds {unknown}
 i - a potion of lignification {unknown}
 j - a potion of mutation {unknown}
 k - a potion of invisibility {unknown}
 m - a potion of brilliance {unknown}
 o - a potion of cancellation {unknown}


   Skills:
 - Level 2.1 Fighting
 + Level 6.6 Bows
 - Level 1.5 Dodging
 - Level 1.1 Stealth


You had 4 spell levels left.
You didn't know any spells.
Your spell library contained the following spells:

 Spells                   Type           Power      Damage    Failure   Level
 Blink                    Tloc           0%         N/A       58%         2
 Manifold Assault         Tloc           0%         N/A       100%        5
 Storm Form               Tmut/Air       0%         N/A       100%        7


Dungeon Overview and Level Annotations

Branches:
Dungeon (4/15)
 Temple: D:4-7

Altars:
Qazlal
Sif Muna

Shops:
D:2 *


Innate Abilities, Weirdness & Mutations

You are immune to sickness and miasma.
Your stone body is resilient. (AC +4)
You are immune to poison.
You resist negative energy. (rN+)
You are resistant to electric shocks. (rElec)
You are resistant to unholy torment.
You are immune to petrification.


Message History

You kill the hobgoblin!
No target in view!
No target in view!
Found a stone staircase leading down.
No target in view!
An iguana comes into view.
Found a book of Spatial Translocations.
The iguana hisses angrily.
You shoot an arrow. The arrow completely misses the iguana.
You shoot an arrow. The arrow hits the iguana.
The iguana is lightly wounded.
You shoot an arrow. The arrow closely misses the iguana.
The iguana bites you but does no damage.
You shoot an arrow. The arrow hits the iguana!
The iguana is heavily wounded.
The iguana barely misses you. The iguana bites you!
You shoot an arrow. The arrow barely misses the iguana.
The iguana bites you.
You shoot an arrow. The arrow hits the iguana.
The iguana is severely wounded.
The iguana barely misses you.
You shoot an arrow. The arrow closely misses the iguana.
The iguana bites you.
You are too injured to fight recklessly!
You are too injured to fight recklessly!
You are too injured to fight recklessly!
You are too injured to fight recklessly!
Shoot: a) +2 shortbow
Press: ? - help, Q - select action Shift-Dir - straight line, f/p - iguana
Aim: an iguana (severely wounded, 69% to hit)
You shoot an arrow. The arrow hits the iguana.
The iguana is almost dead.
The iguana bites you.
Shoot: a) +2 shortbow
Press: ? - help, Q - select action Shift-Dir - straight line, f/p - iguana
Aim: an iguana (almost dead, 69% to hit)
You shoot an arrow. The arrow hits the iguana.
The iguana is almost dead.
The iguana bites you!
* * * LOW HITPOINT WARNING * * *
The iguana bites you!
You die...

#........
.........
#..>.....
#.=......
#.......:
#..l..... ..
####@###.# # #.#
##........# ##
..####.........#
.
..##...........#
#.##............
##.#.............
.##
#....#..........#
...
#..##.....#...#..
##
#.....#########


You could see an iguana.

Vanquished Creatures
  An iguana (D:2)
  3 gnolls (D:4)
  5 adders
  2 dart slugs (D:1)
  5 orcs
  6 ball pythons
  6 bats
  5 endoplasms
  3 giant cockroaches
  7 hobgoblins
  4 jackals (D:3)
  A quokka (D:2)
  A frilled lizard (D:3)
  4 goblins
  7 kobolds
60 creatures vanquished.

Notes
Turn   | Place    | Note
-------+----------+-------------------------------------------
     0 | D:1      | HoaS the Gargoyle Hunter began the quest for the Orb.
     0 | D:1      | Reached XP level 1. HP: 12/12 MP: 1/1
   127 | D:1      | Found a faded altar of an unknown god.
   186 | D:1      | Reached XP level 2. HP: 17/17 MP: 2/2
   841 | D:2      | Reached skill level 5 in Bows
   841 | D:2      | Reached XP level 3. HP: 13/21 MP: 3/3
  1060 | D:2      | Found Cifirphah's Assorted Antiques.
  1356 | D:2      | You fall into a shaft and drop 2 floors!
  1375 | D:4      | Found a shimmering blue altar of Sif Muna.
  1413 | D:3      | Reached XP level 4. HP: 26/26 MP: 4/4
  1533 | D:2      | Reached skill level 6 in Bows
  1764 | D:3      | Reached XP level 5. HP: 18/30 MP: 5/5
  2371 | D:4      | Found a stormy altar of Qazlal.
  2491 | D:4      | Mangled by an iguana

Illustrated notes

Levels and vault maps discovered:
D:1:      ncdulo_lavacross, layout_basic,
          hellmonk_ecumenical_altar_inner_sanctum
D:2:      layout_basic, serial_shops, nicolae_shop_stone
D:3:      layout_rooms
D:4:      layout_rooms, lemuel_tele_altar, grunt_qazlal_sundering,
          chequers_temple_overflow_minitemple

Skill      XL: |  1  2  3  4 |
---------------+-------------+-----
Bows           | 5 6 |  6.6
Fighting       | |  2.1
Dodging        | |  1.5
Stealth        | |  1.1

Action                   |  1- 3 |  4- 6 || total
-------------------------+-------+-------++-------
 Fire: Shortbow          |    97 |   104 ||   201
  Use: Scroll            |     5 |     2 ||     7
Armor: Leather armour    |    26 |    28 ||    54
Dodge: Dodged            |    33 |    45 ||    78

Table legend: (Time is in decaauts)
 A = Elapsed time spent in this place.
 B = Non-inter-level travel time spent in this place.
 C = Inter-level travel time spent in this place.
 D = Time resting spent in this place.
 E = Time spent auto-exploring this place.
 F = Levels seen in this place.
 G = Mean time per level.
                   A        B        C        D        E       F      G
               +--------+--------+--------+--------+--------+-----+--------+
         Total |   2541 |   2475 |     66 |    403 |   1636 |   4 |  635.2 |
       Dungeon |   2541 |   2475 |     66 |    403 |   1636 |   4 |  635.2 |
               +--------+--------+--------+--------+--------+-----+--------+

Top non-repeatable levels by time:
     D:1: 813 daAuts
     D:2: 740 daAuts
     D:3: 700 daAuts
     D:4: 287 daAuts
